 Dungeon Crawl Stone Soup version 0.28-b1-38-gff268fdeb9 (webtiles) character file.

Game seed: 9708067313113589192

132 Akaron the Conjurer (level 5, 0/31 HPs)
             Began as an Octopode Conjurer on Feb 3, 2022.
             Slain by Grinder (11 damage)
             ... on level 3 of the Dungeon.
             The game lasted 00:06:39 (2770 turns).

Akaron the Conjurer (Octopode Conjurer)             Turns: 2770, Time: 00:06:39

Health: 0/31       AC:  1    Str:  6    XL:     5   Next: 15%
Magic:  0/9        EV: 13    Int: 22    God:
Gold:   66         SH:  0    Dex: 11    Spells: 6/9 levels left

rFire   . . .      SeeInvis .   f - staff of death
rCold   . . .      Faith    .   (no shield)
rNeg    + . .      Spirit   .   (helmet restricted)
rPois   .          Reflect  .   (no amulet)
rElec   .          Harm     .   (no ring)
rCorr   .          Rampage  .   (no ring)
Will    .....                   (no ring)
Stlth   +++.......              (no ring)
HPRegen 0.10/turn               (no ring)
MPRegen 0.11/turn               (no ring)
                                (no ring)
                                (no ring)

@: no status effects
A: almost no armour, amphibious, 8 rings, camouflage 1, gelatinous body 1,
(nimble swimmer 1), tentacles
a: no special abilities


You were on level 3 of the Dungeon.
You visited 1 branch of the dungeon, and saw 3 of its levels.

You collected 66 gold pieces.

Inventory:

Hand Weapons
 a - a +0 short sword
Missiles
 n - 6 poisoned darts
 q - 2 throwing nets
Magical Staves
 f - a staff of death (weapon)
Jewellery
 c - a ring of flight
 o - a ring of protection from fire
Scrolls
 b - a scroll of teleportation {unknown}
 d - 2 scrolls of fear {unknown}
 h - 2 scrolls of torment {unknown}
 j - a scroll of vulnerability {unknown}
 k - 2 scrolls of identify {unknown}
 l - 2 scrolls of blinking {unknown}
 m - a scroll of amnesia {unknown}
 p - a scroll of silence {unknown}
 s - a scroll of enchant armour {unknown}
Potions
 e - 2 potions of invisibility {unknown}
 g - 3 potions of curing {unknown}
 i - a potion of mutation {unknown}
 r - a potion of cancellation {unknown}


   Skills:
 + Level 2.0 Dodging
 + Level 3.1 Stealth
 + Level 2.8 Spellcasting
 + Level 5.3 Conjurations
 * Level 1.6 Hexes


You had 6 spell levels left.
You knew the following spells:

 Your Spells              Type           Power      Damage    Failure   Level
a - Magic Dart            Conj           100%       1d8       1%          1
b - Searing Ray           Conj           52%        2d6       2%          2

Your spell library contained the following spells:

 Spells                   Type           Power      Damage    Failure   Level
 Dazzling Flash           Conj/Hex       36%        N/A       9%          3
 Summon Small Mammal      Summ           12%        N/A       13%         1
 Summon Guardian Golem    Hex/Summ       6%         N/A       26%         3
 Fulminant Prism          Conj/Hex       9%         3d7       30%         4
 Call Canine Familiar     Summ           3%         N/A       36%         3
 Iskenderun's Mystic Bla  Conj/Tloc      14%        2d5       38%         4


Dungeon Overview and Level Annotations

Branches:
Dungeon (3/15)

Altars:
Okawaru

Annotations:
D:3 Grinder, Robin


Innate Abilities, Weirdness & Mutations

You cannot wear most types of armour.
You are amphibious.
You can wear up to eight rings at the same time.
Your skin changes colour to match your surroundings (Stealth+).
Your rubbery body absorbs attacks. (AC +1, EV +1)
((You are camouflaged when in or above water. (Stealth+)))
You have tentacles for arms and can constrict up to eight enemies at once.


Message History

Unknown command.
Grinder shouts!
There is an open door here.
Casting: Magic Dart (safe; 1% risk of failure)
Confirm with . or Enter, or press ? or * to list all spells.
Aiming: Searing Ray (safe; 2% risk of failure)
Press: ? - help, Shift-Dir - straight line, f - Grinder
Aim: Grinder (77% to hit)
The searing ray hits Grinder!
Grinder is lightly wounded. (Press . to maintain the ray.)
The searing ray hits Grinder!
Grinder is moderately wounded.
The searing ray hits Grinder.
Grinder is heavily wounded.
Grinder gestures at you. You resist with significant effort.
The searing ray hits Grinder!
Grinder is severely wounded.
You finish channelling your searing ray.
Grinder closely misses you.
Casting: Searing Ray (safe; 2% risk of failure)
Confirm with . or Enter, or press ? or * to list all spells.
Aiming: Searing Ray (safe; 2% risk of failure)
Press: ? - help, Shift-Dir - straight line, f/p - Grinder
Aim: Grinder (severely wounded, 77% to hit)
The searing ray hits Grinder!
Grinder is almost dead. (Press . to maintain the ray.) Grinder gestures at you.
You barely resist.
The searing ray hits Grinder.
Grinder is almost dead.
Grinder hits you!
You writhe in agony.
The searing ray misses Grinder.
Grinder hits you!
You hit Grinder. You grab Grinder. You squeeze Grinder, but do no damage.
Grinder is almost dead.
You constrict Grinder, but do no damage.
Grinder hits you!
You die...

#.........#
#.#######.# #.# #.#.#
#.#####.#.#
#.#.....#.####
#............# #######
#..........#.# .......
#..#......<#.##.......
#.(...........@5......
##.#.#####.#.##.......
#.#.# #.#.# #######
#.#.# #.#.#
####.#.#####.#.#
#>..............
#.####.#####.### #.#
#.# #.# #.####.#####.#


You could see Grinder.

Vanquished Creatures
  4 gnolls
  3 adders
  2 worms
  3 dart slugs
  2 bats
  7 endoplasms
  3 giant cockroaches
  8 goblins
  4 hobgoblins
  A quokka (D:2)
  3 ball pythons
  4 frilled lizards
  9 kobolds
  3 rats
56 creatures vanquished.

Notes
Turn   | Place    | Note
-------+----------+-------------------------------------------
     0 | D:1      | Akaron the Octopode Conjurer began the quest for the Orb.
     0 | D:1      | Reached XP level 1. HP: 11/11 MP: 3/3
   274 | D:1      | Reached XP level 2. HP: 17/17 MP: 0/5
   277 | D:1      | Learned a level 2 spell: Searing Ray
   892 | D:2      | Reached XP level 3. HP: 21/21 MP: 2/6
  1430 | D:2      | Found a faded altar of an unknown god.
  1518 | D:2      | Found an iron altar of Okawaru.
  1661 | D:2      | Reached skill level 5 in Conjurations
  1722 | D:2      | Reached XP level 4. HP: 27/27 MP: 2/7
  1991 | D:2      | Reached skill level 1 in Hexes
  2275 | D:3      | Noticed Robin
  2297 | D:3      | Reached XP level 5. HP: 27/31 MP: 0/9
  2761 | D:3      | Noticed Grinder
  2770 | D:3      | Slain by Grinder

Illustrated notes

Levels and vault maps discovered:
D:1:      minmay_arrival_semitransparent, layout_basic, lemuel_old_faithful
D:2:      minmay_spotlight, layout_basic, basic_altar,
          shapermc_ecumenical_altar_mp_vishouse, supply_closet_lemuel
D:3:      layout_basic, minmay_crystal_room, uniq_robin, uniq_grinder,
          uniq_crazy_yiuf_cottage

Skill      XL: |  1  2  3  4 |
---------------+-------------+-----
Conjurations   | 5 |  5.3
Stealth        | 3 |  3.1
Hexes          | 1 |  1.6
Dodging        | |  2.0
Spellcasting   | |  2.8

Action                   |  1- 3 |  4- 6 || total
-------------------------+-------+-------++-------
Melee: Short sword       |     1 |       ||     1
       Staff             |     1 |     9 ||    10
       Tentacles         |     1 |     3 ||     4
       Constrict         |       |     4 ||     4
 Cast: Magic Dart        |    75 |    26 ||   101
       Searing Ray       |     1 |     7 ||     8
Dodge: Dodged            |     3 |    10 ||    13
